 Dungeon Crawl Stone Soup version 0.22-a0-161-g198051c (webtiles) character file.

556 vishdafish the Ruffian (level 7, -1/68 HPs)
             Began as a Troll Berserker on Feb 11, 2018.
             Was an Elder of Trog.
             Killed from afar by an orc wizard (13 damage)
             ... with a puff of flame
             ... on level 4 of the Dungeon.
             The game lasted 00:05:27 (2446 turns).

vishdafish the Ruffian (Troll Berserker)            Turns: 2446, Time: 00:05:28

Health: -1/68      AC:  5    Str: 27    XL:     7   Next: 8%
Magic:  7/7        EV: 11    Int:  4    God:    Trog [****..]
Gold:   99         SH:  0    Dex:  9    Spells: 6/6 levels left

rFire    . . .     SeeInvis .     - Unarmed
rCold    . . .     Gourm    +   (no shield)
rNeg     . . .     Faith    .   a - +0 animal skin
rPois    .         Spirit   .   (helmet restricted)
rElec    .         Reflect  .   (no cloak)
rCorr    .         Harm     .   (gloves unavailable)
MR       .....                  (boots unavailable)
Stlth    ++........             (no amulet)
HPRegen  0.61/turn              f - ring of stealth
MPRegen  0.10/turn              (no ring)

@: berserk cooldown, slowed, drained, very slow
A: large, unfitting armour, claws 3, fast metabolism 3, gourmand, regeneration
1, shaggy fur 1, tough skin 2
a: Berserk, Trog's Hand, Brothers in Arms, Burn Spellbooks, Renounce Religion


You were on level 4 of the Dungeon.
You worshipped Trog.
Trog was greatly pleased with you.
You were very hungry.

You visited 1 branch of the dungeon, and saw 4 of its levels.

You collected 99 gold pieces.

Inventory:

Armour
 a - a +0 animal skin (worn)
Jewellery
 f - a ring of stealth (left claw)
Wands
 o - a wand of paralysis (13)
 r - a wand of clouds (5)
Scrolls
 c - 2 scrolls of remove curse {unknown}
 d - a scroll of enchant armour {unknown}
 e - 2 scrolls of immolation {unknown}
 g - 7 scrolls of identify {unknown}
 h - 3 scrolls of magic mapping {unknown}
 m - a scroll of enchant weapon {unknown}
 n - 3 scrolls of fog {unknown}
 q - a scroll of blinking {unknown}
Potions
 i - 2 potions of degeneration {unknown}
 j - a potion of curing
 k - a potion of haste {unknown}
 l - 2 potions of flight {unknown}
 p - a potion of heal wounds {unknown}
Comestibles
 b - 7 rations


   Skills:
 + Level 3.8(3.5) Fighting
 + Level 3.9(3.6) Dodging
 + Level 5.5(5.1) Unarmed Combat
 * Level 1.9(1.7) Evocations


You had 6 spell levels left.
You didn't know any spells.

Dungeon Overview and Level Annotations

Branches:
Dungeon (4/15)
 Temple: D:4-7

Altars:
Elyvilon
Fedhas
Makhleb
Wu Jian

Shops:
D:4 (


Innate Abilities, Weirdness & Mutations

You are too large for most types of armour.
You have claws for hands.
Your metabolism is lightning-fast.
You like to eat raw meat.
Your natural rate of healing is unusually fast.
You are covered in fur. (AC +1)
You have very tough skin. (AC +2)


Message History

Trog accepts your kill.
A magic dart appears from out of thin air!
Deactivating autopickup; reactivate with Ctrl-A.
The magic dart hits you!
* * * LOW HITPOINT WARNING * * *
You feel better.
You hear some strange, mumbled words.
A magic dart appears from out of thin air!
The magic dart hits you!
* * * LOW HITPOINT WARNING * * *
You scratch something.
You are feeling very hungry.
You hear some strange, mumbled words.
A puff of flame appears from out of thin air!
The puff of flame misses you.
You barely miss something.
You hear some strange, mumbled words.
A puff of flame appears from out of thin air!
The puff of flame hits you!
You die...

..........#
#....).## ##
####.#.###
##.....#
...#)#
#.##### #.#
#.# #.#
#(###.# #.#
##.#...# #.#
.......# #.#
#..)######.#
#..oo{@...#
##)########
.o. #.#. #
#.#o # . #.
# . .. # #.
.#


You could see 2 orcs.

Vanquished Creatures
  Edmund (D:4)
  A water moccasin skeleton (D:4)
  2 hounds
  An orc priest (D:3)
  3 orc wizards (D:4)
  A worker ant (D:4)
  Robin (D:2)
  4 adders
  7 worms
  4 dart slugs
  3 leopard geckos
  14 orcs
  2 ball pythons
  3 giant cockroaches
  13 goblins
  9 hobgoblins
  9 jackals
  A quokka (D:3)
  A ball python skeleton (D:4)
  10 bats
  4 frilled lizards
  12 kobolds
  7 rats
113 creatures vanquished.

Notes
Turn   | Place    | Note
-------+----------+-------------------------------------------
     0 | D:1      | vishdafish the Troll Berserker began the quest for the Orb.
     0 | D:1      | Reached XP level 1. HP: 22/22 MP: 0/0
   154 | D:1      | Reached XP level 2. HP: 28/29 MP: 1/1
   343 | D:1      | Reached ** piety under Trog
   659 | D:2      | Reached XP level 3. HP: 36/36 MP: 2/2
   696 | D:2      | Found a blossoming altar of Fedhas.
   697 | D:2      | Noticed Robin
   762 | D:2      | Killed Robin
   829 | D:2      | Reached skill level 4 in Unarmed Combat
   829 | D:2      | Reached XP level 4. HP: 44/44 MP: 3/3
   958 | D:2      | Reached *** piety under Trog
  1097 | D:2      | Reached XP level 5. HP: 53/53 MP: 4/4
  1239 | D:2      | Found a white marble altar of Elyvilon.
  1881 | D:3      | Reached skill level 5 in Unarmed Combat
  2088 | D:4      | Reached **** piety under Trog
  2088 | D:4      | Reached XP level 6. HP: 61/61 MP: 5/5
  2207 | D:4      | Reached skill level 1 in Evocations
  2275 | D:4      | Found Ucsaegop's Weapon Shop.
  2298 | D:4      | Found a burning altar of Makhleb.
  2298 | D:4      | Noticed a blizzard demon
  2301 | D:4      | Noticed a smoke demon
  2301 | D:4      | Noticed a smoke demon
  2355 | D:4      | Found an ornate altar of the Wu Jian Council.
  2356 | D:4      | Noticed Edmund
  2366 | D:4      | Killed Edmund
  2420 | D:4      | Reached XP level 7. HP: 35/68 MP: 7/7
  2438 | D:4      | HP: 3/68 [something (5)]
  2446 | D:4      | Killed from afar by an orc wizard

Vault maps used:
D:1:      dpeg_arrival_tiny_c
D:2:      lemuel_coloured_pillars_altar, first_ration, fedhas_altar_2,
          uniq_robin
D:4:      nicolae_overflow_crystal_walls, kennysheep_mini_moat, serial_shops,
          nicolae_shop_statue_plus, makhleb_altar_promises_db, uniq_grinder,
          uniq_edmund

Skill      XL: |  1  2  3  4  5  6 |
---------------+-------------------+-----
Dodging        | 3 |  3.9
Unarmed Combat | 4 5 |  5.5
Fighting       | 3 |  3.8
Evocations     | 1 |  1.9

Action                   |  1- 3 |  4- 6 |  7- 9 || total
-------------------------+-------+-------+-------++-------
Melee: Unarmed           |    93 |   193 |    18 ||   304
       Punch             |       |     1 |       ||     1
Invok: Berserk           |       |     3 |       ||     3
  Use: Potion            |       |       |     2 ||     2
 Stab: Sleeping          |     7 |     6 |       ||    13
       Distracted        |       |     1 |       ||     1
  Eat: Ration            |     1 |     1 |       ||     2
       Chunk             |     1 |    14 |       ||    15
Armor: Animal skin       |    35 |    53 |     3 ||    91
Dodge: Dodged            |    50 |    83 |     8 ||   141

Table legend:
 A = Spawn XP
 B = Non-spawn XP
 C = Spawn XP percentage of total XP
 D = Spawn monster count
 E = Non-spawn monster count
 F = Spawn count percentage of total count
 G = Total turns spent on level
                    A         B        C        D         E        F      G
               +---------+---------+-------+---------+---------+-------+---------
         Total |       0 |     795 |   0.0 |       0 |     113 |   0.0 |  2446
               +---------+---------+-------+---------+---------+-------+---------
           D:1 |       0 |      39 |   0.0 |       0 |      22 |   0.0 |   617
           D:2 |       0 |     171 |   0.0 |       0 |      46 |   0.0 |  1054
           D:3 |       0 |     142 |   0.0 |       0 |      20 |   0.0 |   409
           D:4 |       0 |     443 |   0.0 |       0 |      25 |   0.0 |   366
               +---------+---------+-------+---------+---------+-------+---------
